 Dungeon Crawl Stone Soup version 0.25-a0-992-gca090100c3 (webtiles) character file.

Game seed: 17925229024892106005, levelgen mode: deterministic

33311 Flugslaktarn the Cleaver (level 13, -2/121 HPs)
             Began as a Deep Dwarf Fighter on May 11, 2020.
             Was a High Priest of Makhleb.
             Slain by a death yak (19 damage)
             ... on level 5 of the Lair of Beasts.
             The game lasted 00:07:26 (10381 turns).

Flugslaktarn the Cleaver (Deep Dwarf Fighter)      Turns: 10381, Time: 00:07:26

Health: -2/121     AC: 18    Str: 23    XL:     13   Next: 36%
Magic:  6/6        EV:  6    Int:  9    God:    Makhleb [*****.]
Gold:   867        SH: 13    Dex: 18    Spells: 12/12 levels left

rFire    . . .     SeeInvis .   y - +3 broad axe (vorpal)
rCold    . . .     Gourm    .   c - +0 kite shield
rNeg     . . .     Faith    +   E - +0 plate armour
rPois    +         Spirit   .   (no helmet)
rElec    .         Reflect  .   B - scarf {repulsion}
rCorr    .         Harm     .   p - +2 pair of gloves
MR       +....                  (no boots)
Stlth    ..........             G - amulet of faith
HPRegen  0.00/turn              (no ring)
MPRegen  0.10/turn              o - ring of poison resistance

@: non-regenerating, repel missiles
A: damage resistance, heal wounds, agile 1, sense surroundings 2, strong 1, no
regeneration
a: Heal Wounds, Minor Destruction, Lesser Servant of Makhleb, Major Destruction,
Greater Servant of Makhleb, Renounce Religion


You were on level 5 of the Lair of Beasts.
You worshipped Makhleb.
Makhleb was extremely pleased with you.
You were not hungry.

You visited 3 branches of the dungeon, and saw 17 of its levels.

You collected 1007 gold pieces.
You spent 140 gold pieces at shops.

Inventory:

Hand Weapons
 y - a +3 vorpal broad axe (weapon)
   (You bought it in a shop on level 6 of the Dungeon)
Armour
 c - a +0 kite shield (worn)
 p - a +2 pair of gloves (worn)
   (You found it on level 7 of the Dungeon)
 B - a scarf of repulsion (worn)
   (You found it on level 2 of the Lair of Beasts)
 E - a +0 plate armour (worn)
   (You found it on level 9 of the Dungeon)
Jewellery
 b - an uncursed ring of ice
   (You found it on level 6 of the Dungeon)
 k - a +2 amulet of reflection
   (You found it on level 4 of the Dungeon)
 o - a ring of poison resistance (right hand)
   (You found it on level 5 of the Dungeon)
 D - an uncursed ring of fire
   (You found it on level 8 of the Dungeon)
 G - an amulet of faith (around neck)
   (You found it on level 7 of the Dungeon)
Wands
 i - a wand of paralysis (10)
   (You took it off Ijyb on level 4 of the Dungeon)
 j - a wand of iceblast (14)
   (You took it off a gnoll on level 7 of the Dungeon)
 v - a wand of digging (3)
   (You found it on level 2 of the Lair of Beasts)
 A - a wand of clouds (7)
   (You found it on level 5 of the Dungeon)
 H - a wand of acid (4)
   (You found it on level 3 of the Lair of Beasts)
Scrolls
 g - a scroll of enchant armour
 l - a scroll of torment {unknown}
 r - 2 scrolls of identify
 t - 8 scrolls of teleportation
 x - 4 scrolls of remove curse
 z - a scroll of blinking
 C - a scroll of immolation
 F - 2 scrolls of fear
 J - a scroll of fog {unknown}
Potions
 a - a potion of brilliance {unknown}
 d - 2 potions of might
 f - 2 potions of cancellation
 h - 2 potions of haste
 m - a potion of mutation
 n - 6 potions of lignification
 q - 4 potions of curing
 s - 2 potions of ambrosia
 u - 3 potions of stabbing
 w - 5 potions of heal wounds
Comestibles
 e - 18 rations
 I - 10 chunks of flesh


   Skills:
 + Level 9.4 Fighting
 * Level 14.5 Axes
 + Level 11.0 Armour
 + Level 10.9 Shields
 + Level 11.1 Invocations


You had 12 spell levels left.
You didn't know any spells.
Your spell library was empty.

Dungeon Overview and Level Annotations

Branches:
Dungeon (11/15)            Temple (1/1) D:4            Lair (5/6) D:11
  Swamp (0/4) Lair:2       Spider (0/4) Lair:4          Orc (0/2) D:11
  Slime: Lair:5-6

Altars:
Ashenzari
Cheibriados
Dithmenos
Elyvilon
Fedhas
Gozag
Hepliaklqana
Kikubaaqudgha
Makhleb
Nemelex Xobeh
Okawaru
Qazlal
Ru
Sif Muna
Trog
Uskayaw
Vehumet
Wu Jian
Xom
Yredelemnul
Zin
The Shining One

Shops:
D:6 (

Annotations:
D:5 2 transporters


Innate Abilities, Weirdness & Mutations

You are resistant to damage.
You can heal yourself by infusing magical energy.
You passively map the area around you.
You do not regenerate.
You are agile. (Dex +2)
Your muscles are strong. (Str +2)


Message History

You are too injured to fight recklessly!
You are too injured to fight recklessly!
You are too injured to fight recklessly!
You are too injured to fight recklessly!
You slash the death yak!
You kill the death yak!
Makhleb accepts your kill.
You hit the death yak but do no damage.
The death yak is severely wounded.
You barely miss the death yak.
The death yak is severely wounded.
The death yak gores you!
* * * LOW HITPOINT WARNING * * *
You slash the death yak!
The death yak is almost dead.
You block the death yak's attack.
You barely miss the death yak.
The death yak is almost dead.
The death yak gores you!!
You die...

, ,......<..............,
...... .............. , ,
*#..... #†...#......., * ,
.#.#...###.........?.. , ,
................!>...., ,
...................... ,
,,,.......:.............#,,
.......#Y.....###....# ,
..#..@####..# ...# , ,#
#...##....## ..# , ** ,,*
##.###.....### , * , ,
,.#..........#..,, , ,
.............## ,
................ ,, ,
................. ,
..................P ,
,,,*#...............P* ,


You could see a death yak.

Vanquished Creatures
  Gastronok (Lair:1)
  Fannar (Lair:1)
  2 hydras (Lair:3)
  2 two-headed ogres
  4 death yaks (Lair:5)
  An ugly thing (D:11)
  A manticore (D:11)
  10 elephants
  A black mamba (Lair:5)
  3 spiny frogs
  An efreet (D:11)
  3 komodo dragons
  3 tyrant leeches (Lair:2)
  A polar bear (Lair:3)
  3 jumping spiders (Lair:4)
  4 blink frogs (Lair:4)
  4 hippogriffs
  5 redbacks (Lair:4)
  A basilisk (Lair:2)
  33 yaks
  A hungry ghost (D:9)
  2 steam dragons (D:9)
  Edmund (D:4)
  A swamp worm (Lair:2)
  12 water moccasins
  2 porcupines
  7 orc warriors
  4 sky beasts
  An ice beast (D:8)
  3 black bears (D:7)
  3 phantoms
  9 ogres
  3 necrophages
  9 wolves
  4 centaurs (D:9)
  A big kobold (D:7)
  8 crocodiles
  10 bullfrogs
  3 scorpions
  16 killer bees
  11 wights
  An electric eel (Lair:2)
  2 howler monkeys
  6 crimson imps
  2 bullfrog zombies
  4 jellies
  A quasit (D:6)
  2 centaur zombies
  6 hounds
  6 orc priests
  A centaur skeleton (D:5)
  3 bullfrog skeletons
  A hell rat (Lair:5)
  Ijyb (D:4)
  3 iguanas
  10 orc wizards
  10 worker ants
  2 worker ant zombies
  7 adders
  6 gnolls
  A river rat (Lair:5)
  2 shadow imps
  2 adder skeletons
  5 leopard geckos
  41 orcs
  4 giant cockroaches
  3 goblins
  A hobgoblin (D:2)
  8 jackals
  4 quokkas
  A bat (D:3)
  3 frilled lizards
  2 jackal skeletons
  8 kobolds
  2 quokka skeletons
  A quokka zombie (D:5)
  2 fungi
  6 plants
365 creatures vanquished.

Vanquished Creatures (collateral kills)
  Snorg (Lair:3)
  2 oklob plants (D:11)
  3 plants (D:11)
6 creatures vanquished.

Vanquished Creatures (others)
  A centaur (D:6)
  A scorpion (D:5)
  A kobold (D:7)
  3 fungi
  3 plants
9 creatures vanquished.

Grand Total: 380 creatures vanquished

Notes
Turn   | Place    | Note
-------+----------+-------------------------------------------
     0 | D:1      | Flugslaktarn the Deep Dwarf Fighter began the quest for the
                  | Orb.
     0 | D:1      | Reached XP level 1. HP: 20/20 MP: 1/1
   100 | D:1      | Reached XP level 2. HP: 13/27 MP: 2/2
   394 | D:3      | Reached skill level 3 in Axes
   427 | D:3      | Reached XP level 3. HP: 20/34 MP: 2/2
   454 | D:4      | Reached XP level 4. HP: 36/42 MP: 2/2
   467 | D:4      | Noticed Edmund
   483 | D:4      | Killed Edmund
   483 | D:4      | Reached skill level 4 in Axes
   483 | D:4      | Reached XP level 5. HP: 39/49 MP: 3/3
   531 | D:4      | Found a hide-covered altar of Uskayaw.
   570 | D:4      | Noticed Ijyb
   581 | D:4      | Killed Ijyb
   708 | D:4      | Reached XP level 6. HP: 55/57 MP: 4/4
   808 | D:4      | Reached skill level 5 in Axes
   826 | D:4      | Found a staircase to the Ecumenical Temple.
   991 | Temple   | Entered the Ecumenical Temple
  1392 | D:5      | Entered Level 5 of the Dungeon
  1392 | D:5      | Found a shimmering altar of Xom.
  1420 | D:5      | Reached XP level 7. HP: 55/64 MP: 5/5
  1422 | D:5      | Reached skill level 5 in Armour
  1422 | D:5      | Reached skill level 5 in Shields
  1425 | D:5      | Reached skill level 6 in Axes
  1553 | D:5      | Found a shadowy altar of Dithmenos.
  1601 | D:5      | Reached XP level 8. HP: 41/73 MP: 6/6
  1668 | D:5      | Found a transporter.
  1683 | D:5      | Found a transporter.
  1734 | D:5      | Found a shattered altar of Ashenzari.
  1784 | D:5      | Identified the +3 spear of the Elven Halls {distort, +Rage
                  | rElec MR+ Int+2}
  1834 | D:5      | Found a burning altar of Makhleb.
  1834 | D:5      | Noticed an Executioner
  1837 | D:5      | Noticed a hellwing
  1996 | D:5      | Became a worshipper of Makhleb the Destroyer
  2049 | D:6      | Reached skill level 7 in Axes
  2116 | D:6      | Reached skill level 1 in Invocations
  2160 | D:6      | Found Nuip's Antique Weapon Boutique.
  2167 | D:6      | Bought a glowing broad axe for 140 gold pieces
  2325 | D:6      | Reached skill level 5 in Fighting
  2378 | D:6      | Found a blossoming altar of Fedhas.
  2380 | D:6      | Reached skill level 8 in Axes
  2761 | D:6      | Found a snail-covered altar of Cheibriados.
  2764 | D:6      | Found a bloodstained altar of Trog.
  2774 | D:6      | Found a radiant altar of Vehumet.
  2777 | D:6      | Found an ornate altar of the Wu Jian Council.
  2911 | D:6      | Gained mutation: You passively map the area around you.
                  | [Deep Dwarf growth]
  2911 | D:6      | Reached XP level 9. HP: 59/81 MP: 7/7
  2977 | D:7      | Reached * piety under Makhleb
  3130 | D:7      | Found a shimmering blue altar of Sif Muna.
  3200 | D:7      | Found a bloodstained altar of Trog.
  3336 | D:7      | Reached skill level 9 in Axes
  3492 | D:7      | Found an iron altar of Okawaru.
  3623 | D:7      | Found a sacrificial altar of Ru.
  3742 | D:8      | Reached skill level 5 in Invocations
  3753 | D:8      | Reached ** piety under Makhleb
  3832 | D:8      | Noticed a two-headed ogre
  3843 | D:8      | Killed a two-headed ogre
  3843 | D:8      | Reached XP level 10. HP: 49/91 MP: 7/9
  3865 | D:8      | Reached skill level 10 in Axes
  3991 | D:8      | Found an opulent altar of Gozag.
  4678 | D:9      | Noticed a two-headed ogre
  4686 | D:9      | Killed a two-headed ogre
  4686 | D:9      | Reached skill level 11 in Axes
  5068 | D:10     | Entered Level 10 of the Dungeon
  5075 | D:10     | Reached *** piety under Makhleb
  5156 | D:10     | Reached XP level 11. HP: 98/100 MP: 10/10
  5734 | D:11     | Reached **** piety under Makhleb
  5787 | D:11     | Found a staircase to the Orcish Mines.
  5840 | D:11     | Noticed a purple ugly thing
  5860 | D:11     | Killed a purple ugly thing
  6041 | D:11     | Noticed an oklob plant
  6088 | D:11     | Found a staircase to the Lair.
  6088 | D:11     | Noticed an oklob plant
  6293 | D:11     | Reached ***** piety under Makhleb
  6365 | D:11     | Killed an oklob plant
  6365 | D:11     | Reached skill level 12 in Axes
  6377 | D:11     | Killed an oklob plant
  6381 | Lair:1   | Entered Level 1 of the Lair of Beasts
  6407 | Lair:1   | Noticed Fannar
  6434 | Lair:1   | Killed Fannar
  6572 | Lair:1   | Noticed Gastronok
  6603 | Lair:1   | Killed Gastronok
  6812 | Lair:1   | Reached XP level 12. HP: 99/110 MP: 10/10
  7088 | Lair:1   | Gained mutation: You are agile. (Dex +2) [potion of
                  | mutation]
  7088 | Lair:1   | Gained mutation: Your muscles are strong. (Str +2) [potion
                  | of mutation]
  7447 | Lair:2   | Reached skill level 13 in Axes
  7578 | Lair:2   | Reached skill level 10 in Armour
  7583 | Lair:2   | Reached skill level 10 in Shields
  7652 | Lair:2   | Found a staircase to the Swamp.
  7912 | Lair:3   | Noticed a five-headed hydra
  7924 | Lair:3   | Killed a nine-headed hydra
  7924 | Lair:3   | Reached skill level 10 in Invocations
  8377 | Lair:3   | Noticed Snorg
  8395 | Lair:3   | Killed Snorg
  8774 | Lair:3   | Noticed a five-headed hydra
  8808 | Lair:3   | Reached skill level 14 in Axes
  9044 | Lair:3   | Killed an 11-headed hydra
  9044 | Lair:3   | Reached XP level 13. HP: 85/121 MP: 7/7
  9483 | Lair:4   | Found a hole to the Spider Nest.
 10381 | Lair:5   | Slain by a death yak

Illustrated notes

Levels and vault maps discovered:
D:1:      lightli_arrival_noodles, layout_basic
D:2:      layout_basic
D:3:      minmay_diamond_boxcup, layout_loops_ring, ebering_ghost_rock_garden,
          uniq_sigmund
D:4:      cheibrodos_helix_gallery, layout_rooms, marbit_many_paths,
          minmay_temple_entry_nine_rooms, first_ration, uniq_edmund, uniq_ijyb
D:5:      layout_cave_pools, nicolae_dithmenos_the_darkroom,
          xom_confusion_cloud, makhleb_altar_promises_db,
          gammafunk_ghost_abyssal_escape, cheibrodos_ashenzari_chains
D:6:      layout_gridville, grunt_temple_overflow_cloverleaf, kennysheep_mini,
          serial_shops, nicolae_shop_overgrown_old_shop
D:7:      layout_loops_ring, kennysheep_little_box, lemuel_doored_altar,
          nicolae_overflow_crystal_walls, basic_altar
D:8:      layout_basic, kennysheep_mini_moat
D:9:      kennysheep_steamy, layout_loops_ring
D:10:     layout_long_grid
D:11:     layout_stronghold, dpeg_oklobed_lair, david_orc_4, serial_shops, shop
Temple:   compressed_dpeg_triangle_lava_temple
Lair:1:   layout_misc_corridors, uniq_gastronok, uniq_fannar
Lair:2:   layout_roguey, minmay_swamp_entry_worms, serial_bayou_shore_b,
          serial_bayou_shore_b, grunt_megastairs_1
Lair:3:   layout_cave_pods, uniq_snorg
Lair:4:   layout_cave_pods, nicolae_spider_entry_tight_spaces
Lair:5:   layout_gridlike, minmay_slime_entry_oklob_enclosed, kennysheep_rathole

Skill      XL: |  1  2  3  4  5  6  7  8  9 10 11 12 13 |
---------------+----------------------------------------+-----
Axes           | 3 4 5 6 8 9 11 12 14 | 14.5
Fighting       | 3 4 5 6 7 8 9 |  9.4
Armour         | 4 5 6 7 8 9 10 11 | 11.0
Shields        | 4 5 6 7 8 9 10 | 10.9
Invocations    | 3 5 7 9 10 11 | 11.1

Action                   |  1- 3 |  4- 6 |  7- 9 | 10-12 | 13-15 || total
-------------------------+-------+-------+-------+-------+-------++-------
Melee: War axe           |    67 |     5 |       |       |       ||    72
       Hand axe          |       |    93 |   121 |       |       ||   214
       Broad axe         |       |       |   211 |   760 |   103 ||  1074
Invok: Lesser Servant of |       |       |       |     8 |       ||     8
 Abil: Heal Wounds       |     2 |     3 |    13 |    31 |     3 ||    52
Evoke: Wand              |       |       |       |     3 |       ||     3
  Use: Scroll            |       |     4 |     4 |    15 |       ||    23
       Potion            |       |     1 |       |     2 |       ||     3
 Stab: Confused          |       |       |       |     1 |       ||     1
  Eat: Chunk             |       |     1 |     6 |    20 |     2 ||    29
       Ration            |       |       |     1 |       |     1 ||     2
Armor: Scale mail        |    30 |    22 |    69 |       |       ||   121
       Chain mail        |       |       |    61 |    80 |       ||   141
       Plate armour      |       |       |       |   348 |    70 ||   418
Dodge: Dodged            |    31 |    29 |    87 |   168 |    21 ||   336
Block: Kite shield       |    44 |    63 |   204 |   521 |    82 ||   914
       Reflection        |       |       |     6 |     7 |       ||    13

Table legend:
 A = Non-vault XP
 B = Vault XP
 C = Vault XP percentage of total XP
 D = Non-vault monster count
 E = Vault monster count
 F = Vault count percentage of total count
                 A         B        C        D         E       F
            +---------+---------+-------+---------+---------+-------
      Total |   37707 |    9881 |  20.8 |     310 |      51 |  14.1
            +---------+---------+-------+---------+---------+-------
        D:1 |      15 |       0 |   0.0 |       3 |       0 |   0.0
        D:2 |       8 |       0 |   0.0 |       4 |       0 |   0.0
        D:3 |      33 |       0 |   0.0 |      12 |       0 |   0.0
        D:4 |     250 |     222 |  47.0 |      15 |       5 |  25.0
        D:5 |     700 |     340 |  32.7 |      22 |      10 |  31.2
        D:6 |    1262 |       0 |   0.0 |      33 |       0 |   0.0
        D:7 |    1602 |       0 |   0.0 |      31 |       0 |   0.0
        D:8 |    2099 |       0 |   0.0 |      19 |       0 |   0.0
        D:9 |    3690 |     357 |   8.8 |      26 |       2 |   7.1
       D:10 |    1510 |       0 |   0.0 |      30 |       0 |   0.0
       D:11 |    3063 |    1440 |  32.0 |      26 |      15 |  36.6
     Lair:1 |    3102 |    3423 |  52.5 |      16 |       2 |  11.1
     Lair:2 |    4344 |    1297 |  23.0 |      16 |       6 |  27.3
     Lair:3 |    8922 |     741 |   7.7 |      35 |       1 |   2.8
     Lair:4 |    1847 |    2011 |  52.1 |       8 |       8 |  50.0
     Lair:5 |    5260 |      50 |   0.9 |      14 |       2 |  12.5
            +---------+---------+-------+---------+---------+-------
